 Dungeon Crawl Stone Soup version 0.28.0-53-g5a82cb258f (webtiles) character file.

Game seed: 16338306832429154103

384081 Pyramidbread the Slayer (level 22, -8/140 HPs)
             Began as a Gargoyle Fighter on July 17, 2022.
             Was the Champion of Hepliaklqana.
             Killed from afar by a tengu reaver (20 damage)
             ... with a bolt of acid
             ... on level 5 of the Vaults on July 18, 2022.
             The game lasted 10:03:43 (87574 turns).

Pyramidbread the Slayer (Gargoyle Fighter)         Turns: 87574, Time: 10:03:43

Health: -8/140     AC: 47    Str: 30    XL:     22   Next: 95%
Magic:  35/35      EV:  9    Int: 30    God:    Hepliaklqana [******]
Gold:   2637       SH: 19    Dex: 14    Spells: 15/39 levels left

rFire   + . .      SeeInvis .   a - +7 broad axe (freeze)
rCold   + . .      Faith    .   K - +1 kite shield {rF+}
rNeg    + + .      Spirit   .   f - +3 pearl dragon scales
rPois   ∞          Reflect  +   v - +0 helmet {Int+3}
rElec   +          Harm     .   j - +0 cloak of Riykleb {rC+ Int+6 Dex+3}
rCorr   +          Rampage  .   g - +2 pair of gloves {Str+3}
Will    +++..                   (no boots)
Stlth   ++++......              H - amulet of reflection
HPRegen 0.33/turn               J - +6 ring of intelligence
MPRegen 0.24/turn               X - ring "Tischoez" {Will+ rCorr Int+4 Dex+4}

@: mighty, about to teleport, marked, flying, studying Stealth
A: reduced essence, sickness immunity, AC +16, big wings, negative energy
resistance 1, electricity resistance, torment resistance 1, petrification
resistance, hooves 2, clumsy 1, dopey 1, strong-willed 1, mutation resistance 1,
shaggy fur 1
}: 2/15 runes: decaying, serpentine
a: Renounce Religion, Recall Ancestor, Ancestor Identity, Transference, Idealise


You were on level 5 of the Vaults.
You worshipped Hepliaklqana.
Hepliaklqana was exalted by your worship.
You visited 8 branches of the dungeon, and saw 40 of its levels.
You visited the Abyss 1 time.

You collected 5328 gold pieces.
You spent 2691 gold pieces at shops.

Inventory:

Hand Weapons
 a - a +7 broad axe of freezing (weapon)
 b - a +4 vorpal hand crossbow
 c - the +10 hand axe "Muossihe" {vorpal, rF+ SInv}
   (You found it on level 1 of the Snake Pit)

   It inflicts extra damage upon your enemies.
   rF:        It protects you from fire.
   SInv:      It lets you see invisible.
Missiles
 l - 1382 bolts
 r - 3 throwing nets
 u - 62 poisoned darts (quivered)
Armour
 f - +3 pearl dragon scales (worn)
 g - a +2 pair of gloves of strength (worn)
 h - a +2 pair of gloves of infusion
 j - the +0 cloak of Riykleb (worn) {rC+ Int+6 Dex+3}
   (You acquired it on level 3 of the Swamp)

   Int:       It affects your intelligence (+6).
   Dex:       It affects your dexterity (+3).
   rC:        It protects you from cold.
 m - a +0 cloak of willpower
 v - a +0 helmet of intelligence (worn)
 C - a +2 kite shield of reflection
 K - a +1 kite shield of fire resistance (worn)
 U - quicksilver dragon scales
Jewellery
 n - a ring of protection from cold
 w - the ring of the Failed Coup {rElec rC++ Will- SInv Stlth+}
   (You found it on level 3 of the Elven Halls)

   [ring of see invisible]

   rC:        It greatly protects you from cold.
   rElec:     It insulates you from electricity.
   SInv:      It lets you see invisible.
   Will:      It decreases your willpower.
   Stlth:     It makes you more stealthy.
 E - an amulet of magic regeneration
 H - an amulet of reflection (around neck)
 J - a +6 ring of intelligence (left hand)
 M - the ring "Qucosm" {Fly Will+ Str+3}
   (You took it off a deep elf pyromancer on level 1 of the Elven Halls)

   [ring of flight]

   Str:       It affects your strength (+3).
   Fly:       It grants you flight.
   Will:      It increases your willpower.
 W - the ring "Rerchuoc" {rN+ Will+}
   (You took it off a centaur warrior on level 11 of the Dungeon)

   [ring of willpower]

   rN:        It protects you from negative energy.
   Will:      It increases your willpower.
 X - the ring "Tischoez" (right hand) {Will+ rCorr Int+4 Dex+4}
   (You found it on level 1 of the Snake Pit)

   [ring of resist corrosion]

   Int:       It affects your intelligence (+4).
   Dex:       It affects your dexterity (+4).
   rCorr:     It protects you from acid and corrosion.
   Will:      It increases your willpower.
Wands
 i - a wand of acid (17)
 A - a wand of digging (16)
 D - a wand of mindburst (23)
 I - a wand of paralysis (17)
 L - a wand of charming (14)
 V - a wand of iceblast (29)
Scrolls
 y - 2 scrolls of blinking
 G - 3 scrolls of fear
 N - 3 scrolls of holy word
 O - 7 scrolls of teleportation
 P - a scroll of summoning
 Q - a scroll of fog
 T - 9 scrolls of magic mapping
Potions
 d - 2 potions of might
 e - 5 potions of resistance
 k - a potion of haste
 o - 5 potions of curing
 p - 7 potions of cancellation
 q - 4 potions of brilliance
 x - a potion of mutation
 z - 2 potions of magic
 B - 4 potions of invisibility
Miscellaneous
 s - a tin of tremorstones (2/2)


   Skills:
 - Level 22.2 Fighting
 * Level 16.3(16.6) Axes
 + Level 5.4(11.9) Polearms
 - Level 2.3 Crossbows
 - Level 20.0 Armour
 + Level 13.8 Stealth
 - Level 14.0 Shields
 - Level 9.0 Spellcasting
 - Level 12.0 Conjurations
 - Level 2.0 Summonings
 + Level 3.2 Translocations
 - Level 18.0 Earth Magic
 - Level 6.3 Invocations


You had 15 spell levels left.
You knew the following spells:

 Your Spells              Type           Power      Damage    Failure   Level
a - Iron Shot             Conj/Erth      40%        9d8       3%          6
b - Stone Arrow           Conj/Erth      100%       3d13      1%          3
c - Blink                 Tloc           64%        N/A       4%          2
d - Animate Armour        Summ/Erth      100%       N/A       1%          4
e - Petrify               Tmut/Erth      61%        N/A       3%          4
f - Iskenderun's Battles  Conj           71%        2d12      2%          5

Your spell library contained the following spells:

 Spells                   Type           Power      Damage    Failure   Level
 Magic Dart               Conj           100%       1d8       1%          1
 Searing Ray              Conj           100%       2d8       1%          2
 Apportation              Tloc           64%        N/A       3%          1
 Leda's Liquefaction      Hex/Erth       30%        N/A       3%          4
 Summon Small Mammal      Summ           100%       N/A       5%          1
 Borgnjor's Vile Clutch   Necr/Erth      30%        N/A       9%          5
 Lesser Beckoning         Tloc           32%        N/A       10%         3
 Fulminant Prism          Conj/Hex       24%        3d13      10%         4
 Hailstorm                Conj/Ice       49%        3d11      10%         4
 Animate Skeleton         Necr           26%        N/A       12%         1
 Beastly Appendage        Tmut           26%        N/A       12%         1
 Pain                     Necr           52%        1d6       12%         1
 Sting                    Tmut/Pois      52%        1d5       12%         1
 Call Canine Familiar     Summ           25%        N/A       16%         3
 Corpse Rot               Necr/Air       26%        N/A       19%         2
 Poisonous Vapours        Pois/Air       26%        N/A       19%         2
 Portal Projectile        Hex/Tloc       46%        N/A       19%         3
 Summon Guardian Golem    Hex/Summ       19%        N/A       24%         3
 Irradiate                Conj/Tmut      24%        3d22      28%         5
 Confusing Touch          Hex            13%        N/A       34%         3
 Inner Flame              Hex/Fire       13%        N/A       34%         3
 Ozocubu's Armour         Ice            13%        N/A       34%         3
 Summon Ice Beast         Ice/Summ       19%        N/A       61%         4
 Manifold Assault         Tloc           32%        N/A       65%         5
 Cause Fear               Hex            6%         N/A       75%         4
 Olgreb's Toxic Radiance  Pois           13%        N/A       75%         4
 Lehudib's Crystal Spear  Conj/Erth      40%        10d10     86%         8
 Agony                    Necr           13%        N/A       97%         5
 Alistair's Intoxication  Tmut/Pois      8%         N/A       97%         5
 Blade Hands              Tmut           6%         N/A       97%         5
 Excruciating Wounds      Necr           6%         N/A       97%         5
 Metabolic Englaciation   Hex/Ice        6%         N/A       97%         5
 Yara's Violent Unravell  Hex/Tmut       6%         3d5       97%         5
 Dispersal                Tloc           16%        N/A       99%         6
 Spellforged Servitor     Conj/Summ      26%        N/A       99%         7
 Eringya's Noxious Bog    Tmut/Pois      6%         N/A       100%        6
 Simulacrum               Ice/Necr       6%         N/A       100%        6
 Enfeeble                 Hex            6%         N/A       100%        7
 Monstrous Menagerie      Summ           12%        N/A       100%        7
 Ozocubu's Refrigeration  Ice            6%         4d6       100%        7
 Storm Form               Tmut/Air       6%         N/A       100%        7
 Discord                  Hex            6%         N/A       100%        8
 Disjunction              Tloc           16%        N/A       100%        8
 Ignition                 Fire           6%         3d4       100%        8
 Summon Horrible Things   Summ           12%        N/A       100%        8
 Death's Door             Necr           6%         N/A       100%        9
 Dragon's Call            Summ           12%        N/A       100%        9
 Sublimation of Blood     Necr           Unusable   N/A       N/A         2
 Statue Form              Tmut/Erth      Unusable   N/A       N/A         6

Dungeon Overview and Level Annotations

Branches:
Dungeon (15/15)            Temple (1/1) D:7            Lair (6/6) D:9
  Swamp (4/4) Lair:4        Snake (4/4) Lair:3        Slime (0/5) Lair:5
    Orc (2/2) D:9             Elf (3/3) Orc:2        Vaults (5/5) D:14
  Crypt (0/3) Vaults:3     Depths (0/4) D:15

Altars:
Ashenzari
Cheibriados
Dithmenos
Elyvilon
Fedhas
Gozag
Hepliaklqana
Kikubaaqudgha
Makhleb
Nemelex Xobeh
Okawaru
Qazlal
Ru
Sif Muna
Trog
Uskayaw
Vehumet
Wu Jian
Xom
Yredelemnul
Zin
The Shining One

Shops:
Orc:1 :[!   Orc:2 =*[(   Elf:3 ?   Snake:1 *   Snake:2 :   Vaults:1 (

Portals:
Trove: D:10 (give +6 fire dragon scales)

Annotations:
Vaults:5 Saint Roka


Innate Abilities, Weirdness & Mutations

Your life essence is reduced to manifest your ancestor. (-10% HP)
You are immune to sickness and miasma.
Your stone body is resilient. (AC +16)
You are immune to poison.
Your large and strong wings let you fly.
You resist negative energy. (rN+)
You are resistant to electric shocks. (rElec)
You are resistant to unholy torment.
You are immune to petrification.
You have hoof-like feet.
You are clumsy. (Dex -2)
You are dopey. (Int -2)
You are strong-willed. (Will+)
You are somewhat resistant to further mutation.
You are covered in fur. (AC +1)


Message History

The deep elf high priest hits your deep troll earth mage with a +0 scimitar.
Your vault guard blocks something's attack.
The green very ugly thing engulfs your deep troll earth mage.
The ironbound preserver hits your vault guard but does no damage.
The titan waves its arms in wide circles.
The air twists around and strikes you.
The ironbound preserver hits your deep troll with a +0 morningstar.
The vault guard hits your deep troll with a +1 long sword!!
Your deep troll dies!
Your deep troll's corpse dissolves into shadows!
Your deep troll earth mage bites the deep elf high priest!!
Your deep troll earth mage claws the deep elf high priest.
Your deep troll earth mage claws the deep elf high priest!
As you read the scroll of teleportation, it crumbles to dust.
You feel strangely unstable.
The war gargoyle launches metal splinters at you.
The spray of metal splinters hits you!
* * * LOW HITPOINT WARNING * * *
The vault warden blocks your orb spider's attack.
The vault warden shoots a bolt.
You reflect the bolt off an invisible shield around you!
The bolt hits the ettin.
The deep elf high priest completely misses your deep troll earth mage.
The orc wizard hits your orb spider with a +0 dagger.
A lich comes into view.
Your deep troll earth mage points next to the titan and mumbles some strange words.
The metal wall shatters!
You feel a bit more experienced.
The blast of metal fragments hits the vault warden!
The blast of metal fragments hits the titan!!
The blast of metal fragments hits the ettin!!
The ironbound preserver dies!
The vault warden blocks your vault guard's attack.
Your vault guard hits the vault warden with a +0 war axe!
Your vault guard hits the vault guard but does no damage.
Blink to where?
Press: ? - help, Dir - move target
As you read the scroll of blinking, it crumbles to dust.
The tengu reaver points at you and mumbles some strange words.
The bolt of acid hits you!! You resist.
You die...

# #....#. .H##....#.
..L#....#. C)C...so.T
################pCpp§§§D
.......p........CC.ppp§o
...............CHX<§e§po
...................TTuTo
.......@..Q...§9..pup.Q[
################DD..p..T
......CT.O .D.#...O#.
.D.#....#. .$ #..p.#. .


You could see a tengu reaver and a vault guard (fleeing).

Vanquished Creatures
  Mara (Swamp:4)
  Bai Suzhen (Vaults:4)
  Nikola (Vaults:1)
  A lich (Vaults:3)
  4 deep elf blademasters
  4 deep elf master archers (Elf:3)
  2 quicksilver dragons (Snake:4)
  Frances (Swamp:1)
  2 sphinxes (Vaults:3)
  2 thorn hunters (Swamp:3)
  Agnes (Snake:1)
  The ghost of furman the Spry, an adept DjWz of Makhleb (Swamp:4)
  3 nagarajas
  Donald (Vaults:4)
  2 fire giants (D:11)
  12 vault wardens
  4 orc warlords
  Aizul (Snake:1)
  6 deep elf sorcerers
  3 deep elf elementalists (Elf:3)
  Louise (D:15)
  2 war gargoyles
  10 ironbound thunderhulks
  The ghost of 445me the Thaumaturge, a journeyman GnWn of Ashenzari (Lair:4)
  12 ironbound preservers
  A ghoul (Swamp:4)
  4 eleionomae
  The ghost of Bobz the Basher, a journeyman HOAK of Lugonu (Lair:6)
  8 very ugly things
  A minotaur (Lair:1)
  A stone giant (Vaults:4)
  5 deep elf annihilators (Elf:3)
  Nessos (D:15)
  12 dire elephants
  Azrael (Snake:1)
  A deep elf demonologist (Elf:3)
  2 entropy weavers
  A minotaur (shapeshifter) (D:15)
  2 ettins
  4 bunyips
  2 deep elf death magi (Elf:3)
  6 yaktaur captains
  A shambling mangrove (Swamp:4)
  2 crystal guardians (Vaults:4)
  3 great orbs of eyes
  2 deep elf high priests
  A peacekeeper (Vaults:4)
  6 boulder beetles
  3 salamander tyrants
  24 hydras
  8 naga warriors
  17 vault guards
  Erica (D:11)
  The ghost of zergursh the Fighter, a journeyman HuFi of Hepliaklqana (Lair:1)
  Erolcha (D:9)
  A catoblepas (D:11)
  A ghost crab (Swamp:4)
  9 ironbound frosthearts
  6 death yaks
  6 anacondas
  19 centaur warriors
  16 dancing weapons
  6 alligators
  3 two-headed ogres
  4 orc high priests (Orc:2)
  2 deep troll earth magi (D:11)
  9 shock serpents
  Sonja (D:10)
  8 deep elf knights
  16 naga sharpshooters
  8 skeletal warriors
  5 spriggan druids
  4 goliath frogs
  15 deep trolls
  2 salamander mystics
  6 bog bodies
  8 swamp dragons
  3 deep elf archers (Elf:3)
  A golden dragon skeleton (Vaults:1)
  The ghost of diceflayer the Skirmisher, a novice MiFi (D:7)
  Pikel (D:7)
  4 naga ritualists
  A glowing orange brain (D:15)
  19 ironbound convokers
  2 necromancers
  5 lindwurms
  9 wizards
  9 mana vipers
  43 ugly things
  11 orc knights
  4 harpies (Vaults:3)
  15 deep elf pyromancers
  25 deep elf zephyrmancers
  5 cyclopes
  4 manticores
  4 orc sorcerers
  2 will-o-the-wisps (Swamp:3)
  2 moths of wrath (Swamp:3)
  A cyclops (shapeshifter) (Vaults:3)
  8 salamanders
  16 vault sentinels
  25 black mambas
  2 torpor snails
  Joseph (D:7)
  2 guardian serpents
  14 elephants
  12 naga magi
  5 rime drakes
  A yaktaur zombie (Vaults:4)
  17 cane toads
  A kobold demonologist (D:12)
  8 komodo dragons
  A tengu conjurer (D:15)
  A freezing wraith (D:10)
  An efreet (D:13)
  28 yaktaurs
  A yaktaur skeleton (Vaults:4)
  4 trolls
  4 meliai (D:14)
  4 polar bears (Lair:6)
  A wind drake (shapeshifter) (D:15)
  10 tyrant leeches
  7 blink frogs (Lair:6)
  46 slime creatures
  An ettin zombie (Vaults:1)
  22 hornets
  A jumping spider (shapeshifter) (Vaults:3)
  3 water elementals
  A yak (shapeshifter) (Elf:3)
  35 spriggans
  5 wyverns
  3 shadows
  8 humans (D:14)
  42 yaks
  Grum (D:10)
  A wraith (D:9)
  An elf zombie (Vaults:1)
  3 fire elementals
  5 basilisks
  3 vampire mosquitoes (D:14)
  2 steam dragons (D:7)
  A redback simulacrum (D:14)
  A warg (Orc:2)
  An acid dragon (D:12)
  11 swamp worms
  A harpy simulacrum (D:15)
  3 hell hounds (Snake:1)
  41 nagas
  6 water moccasins
  8 swamp drakes
  4 black bears
  37 orc warriors
  2 sky beasts
  5 necrophages
  2 ice beasts (D:7)
  11 boggarts
  47 wolves
  5 ogres
  13 centaurs
  2 phantoms
  Blork the orc (D:5)
  A human zombie (Vaults:4)
  5 kobold brigands
  A wyvern zombie (D:8)
  13 bullfrogs
  3 gnoll sergeants
  2 earth elementals (Elf:2)
  17 killer bees
  8 wights
  A howler monkey (D:9)
  An electric eel (D:15)
  4 hexers
  A bullfrog zombie (D:4)
  A centaur zombie (D:6)
  A hound (D:5)
  4 jellies
  A centaur skeleton (D:7)
  25 orc priests
  2 bullfrog skeletons
  A gnoll shaman (D:8)
  2 iguanas
  28 orc wizards
  A killer bee zombie (D:5)
  A howler monkey zombie (D:6)
  Robin (D:3)
  3 adders
  13 gnolls
  A shadow imp (D:8)
  2 ufetubi
  An adder skeleton (D:4)
  4 worms
  A dart slug (D:3)
  63 orcs
  10 bats
  5 endoplasms
  2 giant cockroaches (D:1)
  12 goblins
  6 hobgoblins
  7 jackals
  6 quokkas
  A ball python (D:1)
  4 frilled lizards
  18 kobolds
  5 rats
  A briar patch (Swamp:3)
1377 creatures vanquished.

Vanquished Creatures (collateral kills)
  Vashnia (Snake:4)
  2 deep elf blademasters (Elf:3)
  A shadow dragon (Vaults:5)
  The ghost of Dittersdorf the Severer, an adept MiBe of Trog (Snake:2)
  2 nagarajas
  A vault warden (Vaults:1)
  2 deep elf elementalists (Elf:2)
  A deep elf sorcerer (Elf:3)
  A ghoul (Swamp:4)
  3 ironbound preservers
  A war gargoyle (Vaults:4)
  3 eleionomae
  A very ugly thing (Vaults:4)
  The ghost of MarshatheCat the Convoker, a journeyman FeSu of Gozag (Swamp:3)
  4 dire elephants (Vaults:1)
  A yaktaur captain (Vaults:3)
  3 naga warriors
  8 vault guards
  A peacekeeper (Vaults:4)
  2 salamander tyrants
  6 hydras
  2 spriggan air magi
  An anaconda (Snake:2)
  2 centaur warriors
  2 catoblepae
  3 alligators
  5 dancing weapons
  A two-headed ogre (D:11)
  A tengu warrior (D:14)
  A naga sharpshooter (Snake:4)
  2 shock serpents (Snake:4)
  Nergalle (D:10)
  A salamander mystic (Snake:3)
  A shadow wraith (Vaults:1)
  A skeletal warrior (D:14)
  2 spriggan druids (Swamp:4)
  2 swamp dragons (Swamp:4)
  A bog body (Swamp:2)
  2 orc knights
  A deep elf zephyrmancer (Elf:2)
  2 wizards
  A naga ritualist (Snake:2)
  A deep elf pyromancer (Elf:1)
  An ironbound convoker (Vaults:3)
  3 ugly things
  2 mana vipers
  A human zombie (Vaults:4)
  A cyclops (D:13)
  4 salamanders (Snake:3)
  2 orc sorcerers
  2 manticores
  3 guardian serpents
  A vault sentinel (Vaults:1)
  8 black mambas
  3 elephants
  2 cane toads
  A naga mage (Snake:3)
  A rime drake (Lair:6)
  A gargoyle (D:13)
  3 komodo dragons
  3 yaktaurs
  An efreet (D:13)
  A polar bear (Lair:6)
  A blink frog (Lair:6)
  2 hornets
  A dream sheep (Lair:6)
  7 slime creatures
  5 spriggans
  A culicivora (shapeshifter) (Vaults:5)
  5 yaks
  2 fire elementals
  A human (D:14)
  A redback (Vaults:4)
  A vampire mosquito (D:14)
  5 nagas
  5 swamp worms
  9 orc warriors
  2 water moccasins
  A swamp drake (Swamp:2)
  6 wolves
  2 centaurs
  2 kobold brigands (D:12)
  A bullfrog (D:9)
  3 killer bees
  A howler monkey (D:9)
  5 orc priests
  2 jellies (Lair:5)
  12 orc wizards
  A gnoll (D:10)
  8 orcs
  An endoplasm (Lair:5)
  3 bats (Lair:1)
  2 kobolds
224 creatures vanquished.

Vanquished Creatures (others)
  An eleionoma (Swamp:4)
  A hydra (Swamp:4)
  An ironbound frostheart (Vaults:4)
  A deep elf knight (Elf:3)
  A deep troll (Vaults:1)
  A deep elf archer (Elf:3)
  A deep elf zephyrmancer (Elf:3)
  A moth of wrath (shapeshifter) (Elf:3)
  A spriggan (Swamp:4)
  8 ancestors
  62 hexers
  2 orc wizards (Orc:2)
  A briar patch (Swamp:3)
  A bush (Lair:5)
  10 foxfires (Swamp:3)
  44 fungi
  63 plants
200 creatures vanquished.

Grand Total: 1801 creatures vanquished

Notes
Turn   | Place    | Note
-------+----------+-------------------------------------------
     0 | D:1      | Pyramidbread the Gargoyle Fighter began the quest for the
                  | Orb.
     0 | D:1      | Reached XP level 1. HP: 14/14 MP: 1/1
   280 | D:1      | Reached XP level 2. HP: 19/19 MP: 2/2
   573 | D:1      | Reached XP level 3. HP: 23/23 MP: 3/3
  1752 | D:2      | Found a shimmering altar of Xom.
  1804 | D:2      | Noticed a necrophage
  1814 | D:2      | Killed a necrophage
  1815 | D:2      | Reached XP level 4. HP: 27/29 MP: 4/4
  1815 | D:2      | Reached XP level 5. HP: 31/33 MP: 5/5
  2332 | D:3      | Noticed an ogre
  2687 | D:3      | Found a faded altar of an unknown god.
  3060 | D:4      | Noticed a necrophage
  3077 | D:4      | Killed a necrophage
  3078 | D:4      | Reached XP level 6. HP: 28/38 MP: 6/6
  3136 | D:4      | Reached skill level 5 in Axes
  3227 | D:5      | Entered Level 5 of the Dungeon
  3348 | D:4      | Noticed a water elemental
  3350 | D:4      | Found a stormy altar of Qazlal.
  3362 | D:4      | Noticed an air elemental
  3362 | D:4      | Noticed a fire elemental
  3422 | D:4      | Noticed Robin
  4011 | D:3      | Killed Robin
  4731 | D:5      | Reached skill level 4 in Fighting
  4735 | D:5      | Noticed Blork the orc
  4744 | D:5      | Killed Blork the orc
  4745 | D:5      | Reached XP level 7. HP: 43/43 MP: 7/7
  5382 | D:5      | Reached XP level 8. HP: 36/48 MP: 8/8
  5988 | D:6      | Reached skill level 5 in Armour
  6304 | D:6      | Found a burning altar of Makhleb.
  6439 | D:6      | Reached skill level 5 in Fighting
  6818 | D:7      | Found a sacrificial altar of Ru.
  6980 | D:7      | Found a staircase to the Ecumenical Temple.
  6996 | Temple   | Entered the Ecumenical Temple
  7353 | Temple   | Became a worshipper of Hepliaklqana the Forgotten
  7421 | D:7      | Reached XP level 9. HP: 54/54 MP: 9/9
  7502 | D:7      | Found a transporter.
  7514 | D:7      | Noticed Pikel
  7521 | D:7      | Killed Pikel
  7549 | D:7      | Reached skill level 6 in Fighting
  7696 | D:7      | Noticed Joseph
  7709 | D:7      | Killed Joseph
  7710 | D:7      | Reached skill level 5 in Shields
  8077 | D:7      | Found a transporter.
  8149 | D:7      | Reached skill level 10 in Axes
  8200 | D:7      | Noticed diceflayer's ghost (novice MiFi)
  8431 | D:8      | Reached skill level 7 in Fighting
  8431 | D:8      | Reached XP level 10. HP: 52/63 MP: 10/10
  8888 | D:8      | Reached * piety under Hepliaklqana
  9079 | D:8      | Noticed a manticore
  9363 | D:8      | Found a radiant altar of Vehumet.
  9571 | D:8      | Found an ornate altar of the Wu Jian Council.
  9900 | D:9      | Noticed an elephant
 10019 | D:9      | Noticed a centaur warrior
 10077 | D:9      | Found a staircase to the Lair.
 10100 | D:9      | Killed an elephant
 10106 | D:9      | Reached skill level 8 in Fighting
 10162 | D:9      | Found a staircase to the Orcish Mines.
 10209 | D:9      | Noticed a manticore
 10327 | D:9      | Killed a manticore
 10589 | D:9      | Killed a centaur warrior
 10665 | D:9      | Noticed a two-headed ogre
 10680 | D:8      | Reached XP level 11. HP: 38/62 MP: 11/11
 11082 | D:9      | Noticed a manticore
 11106 | D:9      | Noticed a boulder beetle
 11109 | D:9      | Killed a manticore
 11110 | D:9      | Reached skill level 9 in Fighting
 11143 | D:9      | Noticed Erolcha
 11144 | D:9      | Cast into level 2 of the Abyss (Erolcha)
 11144 | Abyss:2  | Found a corrupted altar of Lugonu.
 11178 | D:9      | Escaped the Abyss
 11597 | D:9      | Found an iron altar of Okawaru.
 11598 | D:9      | Found a basalt altar of Yredelemnul.
 11829 | D:10     | Entered Level 10 of the Dungeon
 11853 | D:10     | Found a portal to a secret trove of treasure.
 11870 | D:10     | Noticed Grum
 11878 | D:10     | Killed Grum
 11921 | D:10     | Reached ** piety under Hepliaklqana
 11924 | D:10     | Remembered your ancestor Zorana as a hexer
 12000 | D:10     | Identified the +0 ring mail of the Onion {rElec Int+4}
 12212 | D:10     | Noticed Nergalle
 12236 | D:10     | Killed Nergalle
 12287 | D:10     | Found a snail-covered altar of Cheibriados.
 12427 | D:10     | Noticed Sonja
 12453 | D:10     | Killed Sonja
 12454 | D:10     | Reached skill level 10 in Fighting
 12529 | D:10     | Noticed a two-headed ogre
 12609 | D:10     | Killed a two-headed ogre
 12765 | D:10     | Noticed a two-headed ogre
 12780 | D:10     | Killed a two-headed ogre
 13025 | D:8      | Killed a boulder beetle
 13110 | D:8      | Killed a two-headed ogre
 13150 | D:8      | Killed a manticore
 13371 | D:7      | Killed diceflayer's ghost
 13373 | D:7      | Reached XP level 12. HP: 66/71 MP: 12/12
 13609 | D:11     | Noticed a two-headed ogre
 13778 | D:11     | Killed a two-headed ogre
 13779 | D:11     | Reached skill level 11 in Fighting
 14239 | D:11     | Reached *** piety under Hepliaklqana
 14680 | D:11     | Noticed Erica
 14716 | D:11     | Killed Erica
 15071 | D:11     | Noticed a deep troll earth mage
 15071 | D:11     | Noticed a war gargoyle
 15071 | D:11     | Noticed an ettin
 15071 | D:11     | Noticed a fire giant
 16263 | D:12     | Reached skill level 15 in Axes
 16711 | D:13     | Noticed a centaur warrior
 16722 | D:13     | Killed a centaur warrior
 16723 | D:13     | Reached skill level 12 in Fighting
 17091 | D:13     | Noticed a centaur warrior
 17112 | D:13     | Killed a centaur warrior
 17200 | D:13     | Reached XP level 13. HP: 46/77 MP: 13/13
 17933 | D:13     | Reached **** piety under Hepliaklqana
 18206 | D:14     | Identified the +9 flail "Tuwanorgh" {venom, rF++ Str+6
                  | Dex-4}
 18327 | D:13     | Reached skill level 1 in Invocations
 18720 | D:9      | Found a sparkling altar of Nemelex Xobeh.
 18924 | D:9      | Killed Erolcha
 19101 | Lair:1   | Entered Level 1 of the Lair of Beasts
 19121 | D:9      | Reached skill level 13 in Fighting
 19952 | Lair:1   | Reached skill level 1 in Polearms
 20333 | Lair:1   | Found a runed translucent gate.
 20334 | Lair:1   | Found a runed translucent gate.
 20335 | Lair:1   | Found a runed translucent gate.
 20346 | Lair:1   | Noticed a minotaur
 20373 | Lair:1   | Noticed zergursh's ghost (journeyman HuFi)
 21197 | Lair:2   | Reached skill level 10 in Armour
 21356 | Lair:2   | Gained mutation: Your large and strong wings let you fly.
                  | [Gargoyle growth]
 21356 | Lair:2   | Reached XP level 14. HP: 85/85 MP: 17/17
 21491 | Lair:2   | Reached skill level 14 in Fighting
 21496 | Lair:2   | Reached skill level 5 in Invocations
 21564 | Lair:2   | Reached ***** piety under Hepliaklqana
 23259 | Lair:3   | Found a staircase to the Snake Pit.
 24028 | Orc:1    | Entered Level 1 of the Orcish Mines
 24567 | Orc:1    | Found Foemixzume's Armour Emporium.
 24636 | Orc:1    | Bought a +0 plate armour of willpower for 360 gold pieces
 24913 | Orc:1    | Found Webrom's Distillery.
 24922 | Orc:1    | Bought a potion of heal wounds for 80 gold pieces
 25148 | Orc:1    | Found Yrelem's Book Emporium.
 25354 | Orc:2    | Entered Level 2 of the Orcish Mines
 25449 | Orc:2    | Found a staircase to the Elven Halls.
 25799 | Orc:2    | Noticed an orc warlord
 26331 | Orc:2    | Paralysed by an orc sorcerer for 3 turns
 26930 | Orc:1    | Killed an orc warlord
 26931 | Orc:1    | Reached skill level 15 in Fighting
 28712 | Orc:2    | Got the Collected Works on the Congealing Oath
 28835 | Orc:2    | Found Suvu Yqe's General Store.
 28836 | Orc:2    | Found Keiqaloph's Jewellery Shop.
 28838 | Orc:2    | Found Pel Hoet's Antique Armour Shop.
 28838 | Orc:2    | Found Atabbe's Antique Weapon Boutique.
 28855 | Orc:2    | Bought a ring of protection from cold for 350 gold pieces
 28941 | Orc:2    | Bought a faintly glowing hand axe for 192 gold pieces
 28941 | Orc:2    | Identified the +8 hand axe of Anger {protect, *Corrode
                  | +Blink Will+ Dex+8} (You bought it in a shop on level 2 of
                  | the Orcish Mines)
 29308 | Lair:4   | Found a staircase to the Swamp.
 29474 | Lair:4   | Reached XP level 15. HP: 92/92 MP: 19/19
 30570 | Lair:5   | Reached skill level 16 in Fighting
 30923 | Lair:5   | Found a staircase to the Slime Pits.
 31249 | Lair:5   | Found a runed translucent gate.
 31249 | Lair:5   | Found a runed translucent gate.
 31249 | Lair:5   | Found a runed translucent gate.
 31256 | Lair:5   | Noticed 445me's ghost (journeyman GnWn)
 31726 | Lair:6   | Entered Level 6 of the Lair of Beasts
 31857 | Lair:6   | Found a runed translucent door.
 31857 | Lair:6   | Noticed Bobz's ghost (journeyman HOAK)
 33133 | Lair:6   | Reached skill level 15 in Armour
 33143 | Lair:6   | Reached skill level 17 in Fighting
 34233 | D:11     | Noticed a fire giant
 34459 | D:11     | Identified the ring "Rerchuoc" {rN+ Will+}
 34485 | D:11     | Identified the +0 dagger "Rueneutz" {flame, Int+3}
 34495 | D:11     | Reached XP level 16. HP: 81/100 MP: 20/20
 35335 | Snake:1  | Entered Level 1 of the Snake Pit
 35941 | Snake:1  | Noticed Agnes
 35961 | Snake:1  | Killed Agnes
 35992 | Snake:1  | Reached skill level 18 in Fighting
 36012 | Snake:1  | Identified the ring "Tischoez" {Will+ rCorr Int+4 Dex+4}
 36102 | Snake:1  | Found Zaqunlen's General Store.
 36111 | Snake:1  | Noticed Aizul
 36126 | Snake:1  | Killed Aizul
 36219 | Snake:1  | Bought a potion of heal wounds for 55 gold pieces
 36219 | Snake:1  | Bought a scroll of fear for 38 gold pieces
 36219 | Snake:1  | Bought a scroll of identify for 22 gold pieces
 36273 | Snake:1  | Identified the +10 hand axe "Muossihe" {vorpal, rF+ SInv}
 36306 | Snake:1  | Noticed Azrael
 36327 | Snake:1  | Killed Azrael
 36910 | Orc:1    | Bought a book of Iron for 540 gold pieces
 36917 | Orc:1    | Learned a level 6 spell: Iron Shot
 37361 | Snake:2  | Noticed Dittersdorf's ghost (adept MiBe)
 37361 | Snake:2  | Noticed a nagaraja
 37362 | Snake:2  | Found a transporter.
 37376 | Snake:2  | Reached skill level 1 in Earth Magic
 37390 | Snake:2  | Reached skill level 1 in Conjurations
 37710 | Snake:2  | Noticed a nagaraja
 37734 | Snake:2  | Killed a nagaraja
 37889 | Snake:2  | Found a transporter.
 37997 | Snake:2  | Found Wungaxok's Book Shoppe.
 38246 | Snake:2  | Reached ****** piety under Hepliaklqana
 38777 | Snake:2  | Killed Dittersdorf's ghost
 38780 | Snake:2  | Killed a nagaraja
 39439 | Snake:3  | Got the Almanac of Torrid Shape Shifting
 39520 | Snake:3  | Reached XP level 17. HP: 97/108 MP: 17/21
 40421 | Snake:3  | Reached skill level 5 in Earth Magic
 40451 | Snake:4  | Entered Level 4 of the Snake Pit
 40941 | Snake:4  | Reached skill level 5 in Conjurations
 41383 | Snake:4  | Noticed Vashnia
 42056 | Snake:4  | Killed Vashnia
 44337 | Snake:4  | Noticed a quicksilver dragon
 44610 | Snake:4  | Killed a quicksilver dragon
 44680 | Snake:4  | Noticed a quicksilver dragon
 45837 | Snake:4  | Reached skill level 10 in Shields
 45965 | Snake:4  | Got a serpentine rune of Zot
 46555 | D:11     | Gained mutation: You sometimes lose the ability to read
                  | scrolls when taking damage. [potion of mutation]
 46555 | D:11     | Gained mutation: Your flesh is cold resistant. (rC+)
                  | [potion of mutation]
 46555 | D:11     | Gained mutation: You are partially covered in iridescent
                  | scales. (AC +2) [potion of mutation]
 46556 | D:11     | Lost mutation: You are partially covered in iridescent
                  | scales. (AC +2) [potion of mutation]
 46556 | D:11     | Lost mutation: You sometimes lose the ability to read
                  | scrolls when taking damage. [potion of mutation]
 46556 | D:11     | Gained mutation: You are occasionally teleported next to
                  | monsters. [potion of mutation]
 46556 | D:11     | Gained mutation: Your body sometimes deteriorates upon
                  | taking damage. [potion of mutation]
 46556 | D:11     | Gained mutation: You are clumsy. (Dex -2) [potion of
                  | mutation]
 46556 | D:11     | Gained mutation: Your spells are a little harder to cast,
                  | but a little more powerful. [potion of mutation]
 46557 | D:11     | Lost mutation: Your flesh is cold resistant. (rC+) [potion
                  | of mutation]
 46557 | D:11     | Lost mutation: Your spells are a little harder to cast, but
                  | a little more powerful. [potion of mutation]
 46557 | D:11     | Gained mutation: You have large cloven feet. [potion of
                  | mutation]
 46557 | D:11     | Gained mutation: You are partially covered in large bone
                  | plates. (SH +4) [potion of mutation]
 46557 | D:11     | Gained mutation: You expend magic power (3 MP) to
                  | strengthen your wands. [potion of mutation]
 46558 | D:11     | Lost mutation: You are occasionally teleported next to
                  | monsters. [potion of mutation]
 46558 | D:11     | Lost mutation: Your body sometimes deteriorates upon taking
                  | damage. [potion of mutation]
 46558 | D:11     | Lost mutation: You are partially covered in large bone
                  | plates. (SH +4) [potion of mutation]
 46558 | D:11     | Gained mutation: You are covered in fur. (AC +1) [potion of
                  | mutation]
 46558 | D:11     | Gained mutation: Your magical capacity is low. (-10% MP)
                  | [potion of mutation]
 47438 | D:14     | Reached XP level 18. HP: 113/113 MP: 20/20
 47597 | D:14     | Found a gate to the Vaults.
 48693 | D:15     | Entered Level 15 of the Dungeon
 48693 | D:15     | Noticed Nessos
 48699 | D:15     | Killed Nessos
 49000 | D:15     | Identified the +7 falchion of Gevvirgh {pain, Dex+5}
 49119 | D:15     | Noticed Louise
 49130 | D:15     | Killed Louise
 49131 | D:15     | Reached skill level 19 in Fighting
 50633 | D:15     | Found a staircase to the Depths.
 50901 | Lair:1   | Killed zergursh's ghost
 51509 | Lair:4   | Killed 445me's ghost
 52052 | Lair:6   | Killed Bobz's ghost
 52301 | Orc:1    | Bought a potion of haste for 160 gold pieces
 52301 | Orc:1    | Bought a potion of haste for 160 gold pieces
 53168 | Elf:1    | Entered Level 1 of the Elven Halls
 53676 | Elf:1    | Reached skill level 5 in Polearms
 53800 | Elf:1    | Identified the ring "Qucosm" {Fly Will+ Str+3}
 53877 | Elf:1    | Got the Papyrus of Creation
 54541 | Elf:2    | Found a runed translucent gate.
 54542 | Elf:2    | Found a runed translucent gate.
 54543 | Elf:2    | Found a runed translucent gate.
 54737 | Elf:2    | Found a radiant altar of Vehumet.
 54997 | Elf:2    | Noticed a deep elf blademaster
 55082 | Elf:1    | Killed a deep elf blademaster
 55620 | Elf:2    | Reached skill level 20 in Fighting
 55920 | Elf:2    | Reached XP level 19. HP: 114/121 MP: 21/21
 56506 | Elf:3    | Entered Level 3 of the Elven Halls
 56764 | Elf:3    | Found Efunaobo's Magic Scroll Emporium.
 56772 | Elf:3    | Bought a scroll of enchant weapon for 112 gold pieces
 56772 | Elf:3    | Bought a scroll of blinking for 112 gold pieces
 58578 | Elf:3    | Reached skill level 21 in Fighting
 59514 | Elf:3    | Got Cekhluir's Catalogue of Snow
 59515 | Elf:3    | Identified the +2 hunting sling "Aneog" {venom, rC+ rN+
                  | Dex-4}
 59940 | Elf:3    | Identified the +1 scale mail of the Nightingale {rF++ rC-
                  | Str+3}
 60020 | Elf:3    | Got the Almanac of Virous Unholy Arts
 60059 | Elf:3    | Got the Handbook of the Supportive Blaze
 60186 | Elf:3    | Got Sif Muna's Papyrus of Shape Shifting
 60187 | Elf:3    | Identified the +5 whip of Quick Death {flame, rElec rF+ rC-
                  | Int+3}
 60194 | Elf:3    | Identified the ring of the Failed Coup {rElec rC++ Will-
                  | SInv Stlth+}
 60471 | Elf:3    | Learned a level 3 spell: Stone Arrow
 63125 | Swamp:1  | Entered Level 1 of the Swamp
 63385 | Swamp:1  | Reached skill level 1 in Crossbows
 63454 | Swamp:1  | Noticed Frances
 63481 | Swamp:1  | Identified the +3 short sword of Myeblit {holy, rN++ MP-9
                  | Int+2 Dex+3}
 63646 | Swamp:1  | Killed Frances
 63647 | Swamp:1  | Reached skill level 1 in Stealth
 64612 | Swamp:2  | Reached skill level 1 in Spellcasting
 65768 | Swamp:2  | Reached XP level 20. HP: 104/129 MP: 14/22
 66315 | Swamp:3  | Reached skill level 5 in Stealth
 66885 | Swamp:3  | Found a transporter.
 66888 | Swamp:3  | Noticed MarshatheCat's ghost (journeyman FeSu)
 66906 | Swamp:3  | Found a transporter.
 66907 | Swamp:3  | Identified 3 scrolls of acquirement
 68196 | Swamp:3  | Killed MarshatheCat's ghost
 68200 | Swamp:3  | Identified the amulet of the Golden Apricot {Acrobat -Tele
                  | Drain Int+9 Dex+2}
 68312 | Swamp:3  | Acquired 500 gold pieces
 68315 | Swamp:3  | Acquired a manual of Earth Magic
 68317 | Swamp:3  | Acquired the +0 cloak of Riykleb {rC+ Int+6 Dex+3}
 69033 | Swamp:4  | Entered Level 4 of the Swamp
 69087 | Swamp:4  | Reached skill level 10 in Earth Magic
 69582 | Swamp:4  | Found a large runed translucent door.
 69582 | Swamp:4  | Found a large runed translucent door.
 69644 | Swamp:4  | Noticed furman's ghost (adept DjWz)
 70814 | Swamp:4  | Reached skill level 10 in Conjurations
 70825 | Swamp:4  | Reached skill level 10 in Stealth
 70852 | Swamp:4  | Noticed Mara
 70917 | Swamp:4  | Got a decaying rune of Zot
 71142 | Swamp:4  | Learned a level 2 spell: Blink
 71147 | Swamp:4  | Learned a level 4 spell: Animate Armour
 71439 | Vaults:1 | Entered Level 1 of the Vaults
 72569 | Elf:3    | Bought a scroll of holy word for 112 gold pieces
 72569 | Elf:3    | Bought a scroll of summoning for 142 gold pieces
 73035 | Orc:1    | Bought a potion of mutation for 128 gold pieces
 73035 | Orc:1    | Bought a potion of mutation for 128 gold pieces
 73218 | Swamp:3  | Lost mutation: Your magical capacity is low. (-10% MP)
                  | [potion of mutation]
 73218 | Swamp:3  | Lost mutation: You expend magic power (3 MP) to strengthen
                  | your wands. [potion of mutation]
 73218 | Swamp:3  | Gained mutation: You are very clumsy. (Dex -4) [potion of
                  | mutation]
 73218 | Swamp:3  | Gained mutation: You have hoof-like feet. [potion of
                  | mutation]
 73667 | Vaults:1 | Identified the +6 chain mail of the Trilobite {rPois rN+
                  | rCorr}
 73723 | Vaults:1 | HP: 6/130 [ironbound thunderhulk/bolt of lightning (10)]
 74732 | Vaults:1 | Found Migeaxemno's Antique Weapon Boutique.
 75065 | Vaults:1 | Reached XP level 21. HP: 135/135 MP: 27/27
 75345 | Vaults:1 | Identified the +1 ring mail of Ceph {Rampage Int+5}
 75472 | Vaults:1 | Reached skill level 5 in Spellcasting
 75543 | Vaults:1 | Noticed Nikola
 75558 | Vaults:1 | Killed Nikola
 78297 | Vaults:2 | Reached skill level 15 in Earth Magic
 80051 | Vaults:3 | Reached skill level 1 in Summonings
 80051 | Vaults:3 | Reached skill level 1 in Translocations
 80203 | Vaults:3 | Reached XP level 22. HP: 128/140 MP: 31/33
 80723 | Vaults:3 | Learned a level 4 spell: Petrify
 81662 | Vaults:3 | Found a staircase to the Crypt.
 81773 | Vaults:3 | Found a transporter.
 82184 | Vaults:3 | Found a transporter.
 82295 | Vaults:3 | Gained mutation: You do not regenerate when monsters are
                  | visible. [mutagenic glow]
 82304 | Vaults:3 | Gained mutation: You are dopey. (Int -2) [mutagenic glow]
 82331 | Vaults:3 | Gained mutation: You tend to lose your temper in combat.
                  | [mutagenic glow]
 82437 | Vaults:3 | Identified the ring "Oquekhuk" {Contam rPois rN+ SInv}
 82447 | Vaults:3 | Identified the ring "Siafebbi" {Fly Int+3}
 82451 | Vaults:3 | Identified the +5 plate armour of the Flute {Fly rElec rC++
                  | Stlth-}
 82826 | Swamp:3  | Lost mutation: You do not regenerate when monsters are
                  | visible. [potion of mutation]
 82826 | Swamp:3  | Lost mutation: You are very clumsy. (Dex -4) [potion of
                  | mutation]
 82826 | Swamp:3  | Lost mutation: You tend to lose your temper in combat.
                  | [potion of mutation]
 82826 | Swamp:3  | Gained mutation: You are strong-willed. (Will+) [potion of
                  | mutation]
 82826 | Swamp:3  | Gained mutation: You do not regenerate when monsters are
                  | visible. [potion of mutation]
 82826 | Swamp:3  | Lost mutation: You do not regenerate when monsters are
                  | visible. [potion of mutation]
 82826 | Swamp:3  | Gained mutation: You are somewhat resistant to further
                  | mutation. [potion of mutation]
 83839 | Vaults:4 | Learned a level 5 spell: Iskenderun's Battlesphere
 84270 | Vaults:4 | Reached skill level 22 in Fighting
 84655 | Vaults:4 | Identified the +2 flail "Ycho" {flame, rF+ Dex+3}
 84662 | Vaults:4 | Noticed Bai Suzhen
 85109 | Vaults:4 | Killed Bai Suzhen
 85552 | Vaults:4 | Noticed Donald
 85562 | Vaults:4 | Killed Donald
 86790 | Swamp:4  | Noticed Pyramidbread's illusion
 86806 | Swamp:4  | Noticed Pyramidbread's illusion
 86806 | Swamp:4  | Killed Mara
 87139 | Swamp:4  | Killed furman's ghost
 87547 | Vaults:5 | Entered Level 5 of the Vaults
 87561 | Vaults:5 | Noticed Saint Roka
 87574 | Vaults:5 | Killed from afar by a tengu reaver

Illustrated notes

Levels and vault maps discovered:
D:1:      minmay_arrival_solitary_statue, layout_basic, lexackson_kobold_supper
D:2:      layout_basic, basic_altar, chequers_mini_garden
D:3:      layout_basic, shapermc_ecumenical_altar_mp_urbaneastern
D:4:      layout_loops_ring, nicolae_qazlal_style_of_elements, uniq_robin
D:5:      layout_basic, supply_closet_lemuel, serial_bayou_crossing,
          uniq_blork_the_orc
D:6:      layout_rooms, amcnicky_altar_gilded, minivault_25
D:7:      minmay_spotlight, layout_loops_ring, nicolae_ru_sacrificial_ziggurat,
          minmay_temple_entry_ruins, gammafunk_ghost_hive, uniq_pikel,
          uniq_joseph
D:8:      layout_layer_cave, mainiacjoe_overflow_alcove_1,
          mainiacjoe_overflow_24_doors, grunt_decor_arrowhead,
          grunt_decor_junction
D:9:      layout_cave_pools, mainiacjoe_overflow_surrounded_room,
          mainiacjoe_overflow_divided_tiny, david_lair_generic, orc_0_dummy,
          chequers_serial_rivers_small_a, minmay_pinched_square, uniq_erolcha
D:10:     layout_long_grid, nicolae_overflow_crystal_walls, enter_trove_2,
          uniq_grum, uniq_sonja, uniq_nergalle
D:11:     minmay_tile_spiral, layout_layer_cave, uniq_erica
D:12:     layout_cave_pools, nrook_mini_backslash, wad_floor_pattern_1,
          glass_columns_b
D:13:     layout_loops_cross
D:14:     layout_irregular_city, ximxim_vaults_locker_room,
          nicolae_twisting_strands, minmay_checkerbox
D:15:     gammafunk_enter_depths_forms, layout_basic, amethyst_killhole,
          uniq_louise, uniq_nessos
Temple:   cyrus_circular_temple
Lair:1:   kb_forest_paths, layout_regular_city, maelrawn_ghost_gauntlet_escape,
          roderic_batcave, guppyfry_lair_drakes
Lair:2:   hellmonk_ruined_rings, layout_regular_city, grunt_megastairs_3
Lair:3:   layout_misc_corridors, minmay_snake_entry_guardpost_large,
          grunt_forest_small_clearing_treed, lemuel_fruit_tree,
          grunt_megastairs_2
Lair:4:   layout_regular_city, swamp_mist_pool, serial_rivers,
          chequers_serial_rivers_small_b, chequers_serial_rivers_room_b,
          chequers_serial_rivers_micro_b, chequers_serial_rivers_large_b,
          beast_lair_carwin_5
Lair:5:   layout_cave_pods, nicolae_slime_entry_slimehenge,
          gammafunk_ghost_hydra_chop
Lair:6:   minmay_lair_end_enchanted_forest, layout_cave_pods,
          hellmonk_ghost_happy_afterlife
Swamp:1:  layout_basic_swamp, hangedman_swamp_pad, uniq_frances
Swamp:2:  layout_basic_swamp, nicolae_swamp_little_swirl, swamp_pool5
Swamp:3:  layout_falls_marsh, gammafunk_ghost_berserking_beasts,
          evilmike_swamp_ruin_wall
Swamp:4:  swamp_alternative, layout_basic_swamp, ebering_ghost_disaster_area,
          uniq_mara
Snake:1:  layout_basic, serial_shops, nicolae_shop_trees, uniq_aizul,
          uniq_agnes, uniq_azrael
Snake:2:  layout_onion_interference, serial_shops, nicolae_take_the_stairs,
          gammafunk_ghost_arena
Snake:3:  layout_rooms, nicolae_large_snake_swirl
Snake:4:  hellmonk_snake_rune_quicksilver_temple, layout_basic, uniq_vashnia
Orc:1:    layout_caves, serial_shops, nicolae_lakefront_shop,
          nicolae_square_shop, shop_coins
Orc:2:    st_orc_congregation, layout_caves, guppyfry_library_mini
Elf:1:    eino_elf_arrival_the_gate, layout_gridlike, minmay_elf_demonology
Elf:2:    elven_hall_of_blades_hangedman_original [nicolae_blade_lattice],
          layout_onion_city, basic_altar
Elf:3:    minmay_elf_hall, layout_geoelf_grid, serial_shops,
          nicolae_square_shop, hellmonk_bongcloud_opening
Vaults:1: st_diamondy, vaults_room_boxed, vaults_dpeg_doors,
          vaults_room_large_hall, nicolae_vaults_back_hallway,
          vaults_standard_mumra_x, nicolae_vaults_network_square,
          nicolae_vaults_asterisk, nicolae_vaults_angled_halls,
          vaults_room_hallway, nicolae_vaults_yaktaur_gun_rack,
          layout_vaults_omnigrid, serial_shops, shop, uniq_nikola
Vaults:2: nicolae_vaults_arrows, v_misc_19, vaults_dpeg_encased_lava, v_misc_12,
          nicolae_vaults_little_squares_6, v_rooms_1, vaults_dpeg_cross,
          v_misc_18, v_misc_33, nicolae_vaults_little_squares_3,
          nicolae_vaults_asterisk, hangedman_vaults_snaps, vaults_room_pools,
          layout_vaults_omnicross
Vaults:3: v_misc_25, minmay_crypt_entry_nasty_monster,
          nicolae_vaults_twisting_passages, dpeg_vaults_monster_row, v_misc_24,
          hangedman_vaults_maws, nicolae_vaults_ninety_degrees,
          nicolae_vaults_little_squares_2, nicolae_vaults_border_crossing,
          gammafunk_its_a_trap, nicolae_vaults_mini_display_case,
          layout_vaults_chaotic_city
Vaults:4: ontoclasm_vaults_chip, v_pattern_1, v_misc_5, grunt_vaults_trifunnel,
          nicolae_vaults_network_star, grunt_vaults_swirl,
          nicolae_vaults_circle_grid_b, st_cross, vaults_room_fancy_cross,
          vaults_dpeg_diagonal, layout_vaults_omnibox, uniq_donald,
          uniq_bai_suzhen
Vaults:5: uniq_saint_roka, uniq_sojobo

Skill      XL: |  1  2  3  4  5  6  7  8  9 10 11 12 13 14 15 16 17 18 19 20 21 22 |
---------------+-------------------------------------------------------------------+-----
Axes           | 2 3 4 5 6 8 10 12 14 15 16 | 16.3
Armour         | 4 5 6 7 10 13 15 17 18 20 | 20.0
Fighting       | 4 5 7 8 10 12 13 15 17 18 20 21 22 | 22.2
Shields        | 4 5 10 11 14 | 14.0
Invocations    | 4 6 |  6.3
Polearms       | 2 3 5 |  5.4
Earth Magic    | 4 7 8 9 12 16 18 | 18.0
Conjurations   | 3 7 8 9 10 12 | 12.0
Crossbows      | 2 |  2.3
Stealth        | 4 10 13 | 13.8
Spellcasting   | 2 4 7 9 |  9.0
Summonings     | 1 2 |  2.0
Translocations | 1 3 |  3.2

Action                   |  1- 3 |  4- 6 |  7- 9 | 10-12 | 13-15 | 16-18 | 19-21 | 22-24 || total
-------------------------+-------+-------+-------+-------+-------+-------+-------+-------++-------
Melee: War axe           |   111 |   134 |   178 |    84 |  1189 |   281 |       |       ||  1977
       Unarmed           |       |     5 |       |       |       |       |       |       ||     5
       Hand axe          |       |       |    14 |   406 |       |  1080 |   671 |   434 ||  2605
       Spear             |       |       |       |       |   103 |    70 |       |       ||   173
       Broad axe         |       |       |       |       |       |   203 |   577 |    17 ||   797
       Kick              |       |       |       |       |       |       |   352 |   252 ||   604
 Fire: Hunting sling     |       |    29 |   117 |   138 |   157 |       |       |       ||   441
       Hand crossbow     |       |       |       |       |       |       |   173 |     8 ||   181
Throw: Stone             |       |     1 |       |       |       |       |       |       ||     1
       Dart              |       |       |       |    23 |     4 |     1 |       |       ||    28
 Cast: Stone Arrow       |       |       |       |       |       |       |   173 |    20 ||   193
       Animate Armour    |       |       |       |       |       |       |     1 |     5 ||     6
       Iron Shot         |       |       |       |       |       |       |       |    30 ||    30
       Iskenderun's Batt |       |       |       |       |       |       |       |     2 ||     2
Invok: Ancestor Identity |       |       |       |     1 |     1 |       |       |       ||     2
       Recall Ancestor   |       |       |       |     2 |    19 |     4 |    18 |     2 ||    45
       Ancestor Life: He |       |       |       |     1 |       |       |       |       ||     1
       Transference      |       |       |       |       |     3 |       |     2 |     1 ||     6
       Idealise          |       |       |       |       |     2 |     2 |     2 |       ||     6
Evoke: Wand              |       |       |       |       |       |     4 |       |       ||     4
  Use: Scroll            |       |     6 |     4 |     9 |    11 |     9 |    15 |    11 ||    65
       Potion            |       |     1 |       |     5 |     2 |    22 |     7 |     5 ||    42
 Stab: Distracted        |       |       |       |     4 |    12 |    30 |    16 |     5 ||    67
       Confused          |       |       |       |     9 |    24 |    17 |    48 |    30 ||   128
       Petrified         |       |       |       |       |     2 |       |       |       ||     2
       Paralysed         |       |       |       |       |    15 |    69 |    77 |    29 ||   190
       Invisible         |       |       |       |       |       |       |    16 |       ||    16
       Sleeping          |       |       |       |       |       |       |     3 |     6 ||     9
       Fleeing           |       |       |       |       |       |       |       |     2 ||     2
Armor: Scale mail        |    46 |    69 |   110 |       |       |       |       |       ||   225
       Skin              |       |    20 |       |       |       |       |       |       ||    20
       Steam dragon scal |       |       |    21 |   189 |       |       |       |       ||   210
       Ring mail         |       |       |       |    55 |       |       |       |       ||    55
       Plate armour      |       |       |       |    88 |   911 |  1106 |   164 |       ||  2269
       Quicksilver drago |       |       |       |       |       |       |   358 |       ||   358
       Pearl dragon scal |       |       |       |       |       |       |   248 |   231 ||   479
Dodge: Dodged            |    55 |    71 |    81 |   204 |   334 |   348 |   302 |    86 ||  1481
       Repelled          |       |       |       |       |       |    33 |    11 |       ||    44
Block: Buckler           |    19 |    34 |    34 |    99 |   249 |    60 |       |       ||   495
       Kite shield       |       |       |       |       |       |   774 |   893 |   226 ||  1893
       Reflection        |       |       |       |       |       |    65 |    71 |    10 ||   146
